AoeStats
← CalamarX

Arena

509806779Analyzed
4v4 RM · 5d ago on Sep 28, 2026· 57m 1s· 8 players
Game mode
Random Map
Map size
Large (8 player)
Population
200
Speed
Normal
Resources
Standard
Victory
Conquest
Starting age
Dark Age
Ending age
Imperial Age
RankedLock teamsTeams togetherTeam positionsShared explorationLock speedFull tech treeHidden civsTurbo modeCheats
Victory
Defeat
🇺🇸 Aztecs · United States
968
+20
🇨🇦 Franks · Canada
966
+17
🇨🇦 Spanish · Canada
962
+17
🇲🇽 Khmer · Mexico
919
+19
🇺🇸 Italians · United States
1034
-19
🇦🇷 Goths · Argentina
1030
-20
🇦🇷 Britons · Argentina
1003
-18
🇨🇦 Mongols · Canada
873
-38
aanndrrees
9:49 Feudal Age
14:49 Castle Age
15:26 Double-Bit Axe
15:26 Horse Collar
19:21 Heavy Plow
20:33 Wheelbarrow
23:46 Loom
23:46 Town Watch
25:04 Hand Cart
27:40 Bow Saw
32:59 Imperial Age
34:48 Chemistry
35:02 Masonry
34:48 Murder Holes
37:54 Architecture
37:46 Ballistics
37:11 Arrowslits
40:46 Hoardings
41:07 Town Patrol
42:53 Elite Conquistador
43:42 Stone Mining
43:42 Gold Mining
50:43 Stone Shaft Mining
51:31 Padded Archer Armor
51:36 Scale Barding Armor
53:20 Chain Barding Armor
54:01 Leather Archer Armor
54:24 Husbandry
54:35 Bloodlines
57:31 Ring Archer Armor
harunsinanoglu_06
5:25 Loom
11:36 Feudal Age
15:14 Castle Age
13:42 Double-Bit Axe
13:41 Horse Collar
14:14 Gold Mining
19:45 Wheelbarrow
24:32 Bow Saw
25:55 Forging
26:19 Hand Cart
26:07 Scale Mail Armor
26:14 Heavy Plow
27:06 Gold Shaft Mining
29:15 Imperial Age
27:56 Chain Mail Armor
28:17 Iron Casting
27:51 Eagle Warrior
28:33 Squires
27:54 Pikeman
30:46 Conscription
30:44 Elite Eagle Warrior
33:05 Chemistry
33:38 Plate Mail Armor
35:22 Blast Furnace
35:21 Man-at-Arms
35:47 Gambesons
36:26 Fletching
36:17 Long Swordsman
36:45 Arson
37:42 Garland Wars
43:05 Bodkin Arrow
44:30 Two-Handed Swordsman
45:10 Champion
55:02 Bracer
55:03 Padded Archer Armor
55:40 Crop Rotation
Swordfish
0:48 Loom
12:59 Feudal Age
18:02 Wheelbarrow
20:28 Castle Age
19:51 Stone Mining
24:19 Double-Bit Axe
29:22 Gold Mining
30:19 Scale Mail Armor
30:30 Forging
33:39 Squires
36:46 Imperial Age
36:06 Ballistics
35:46 Murder Holes
35:47 Fletching
37:07 Bow Saw
37:39 Iron Casting
37:20 Chain Mail Armor
38:04 Gold Shaft Mining
38:32 Chemistry
37:15 Capped Ram
38:55 Elite Throwing Axeman
41:56 Conscription
42:10 Plate Mail Armor
42:41 Blast Furnace
42:10 Hand Cart
41:42 Town Watch
44:32 Cavalier
45:12 Husbandry
45:29 Scale Barding Armor
45:20 Bodkin Arrow
45:54 Chivalry
45:45 Paladin
48:00 Chain Barding Armor
52:38 Plate Barding Armor
52:04 Padded Archer Armor
51:31 Elite Skirmisher
57:05 Leather Archer Armor
dafr1997
9:59 Feudal Age
10:38 Loom
11:04 Town Watch
13:47 Castle Age
12:31 Double-Bit Axe
14:56 Bow Saw
18:14 Redemption
18:32 Fervor
22:55 Town Patrol
23:55 Wheelbarrow
24:48 Husbandry
26:03 Bloodlines
27:39 Horse Collar
36:16 Imperial Age
35:52 Hand Cart
39:44 Scale Barding Armor
39:50 Forging
40:13 Light Cavalry
41:32 Chain Barding Armor
43:35 Heavy Plow
43:58 Hussar
46:04 Elite Skirmisher
48:00 Fletching
48:13 Padded Archer Armor
49:40 Bodkin Arrow
50:03 Leather Archer Armor
51:05 Theocracy
52:14 Iron Casting
52:15 Plate Barding Armor
51:43 Bracer
52:15 Ring Archer Armor
52:28 Plate Barding Armor
51:54 Scale Mail Armor
53:32 Conscription
52:35 Elite Ballista Elephant
54:44 Blast Furnace
53:23 Cavalier
SwedenBirdieSkaggs236
5:15 Loom
14:09 Feudal Age
14:38 Horse Collar
14:44 Double-Bit Axe
14:51 Gold Mining
14:52 Stone Mining
19:18 Castle Age
20:41 Bow Saw
20:32 Heavy Plow
28:28 Wheelbarrow
28:44 Fletching
28:54 Padded Archer Armor
30:13 Hand Cart
30:23 Ballistics
29:58 Murder Holes
30:14 Fortified Wall
33:06 Imperial Age
30:38 Bodkin Arrow
30:59 Leather Archer Armor
30:58 Fortified Wall
30:43 Murder Holes
32:33 Forging
32:24 Scale Mail Armor
34:28 Squires
34:14 Arson
35:10 Iron Casting
34:50 Chain Mail Armor
34:36 Bracer
37:38 Blast Furnace
37:09 Plate Mail Armor
38:01 Conscription
41:57 Ring Archer Armor
41:02 Man-at-Arms
41:02 Pikeman
42:05 Long Swordsman
44:06 Crop Rotation
44:38 Two-Man Saw
43:23 Two-Handed Swordsman
43:58 Champion
48:04 Chemistry
48:57 Stone Shaft Mining
UrbanTarzan
13:14 Feudal Age
13:52 Horse Collar
14:06 Double-Bit Axe
17:26 Castle Age
20:32 Bow Saw
20:38 Heavy Plow
21:48 Wheelbarrow
24:33 Hand Cart
24:30 Town Watch
25:27 Fletching
27:29 Town Patrol
31:16 Imperial Age
30:20 Loom
32:26 Conscription
32:16 Thumb Ring
32:37 Parthian Tactics
32:37 Ballistics
32:14 Bodkin Arrow
32:20 Padded Archer Armor
34:01 Husbandry
34:12 Bloodlines
34:04 Bracer
34:20 Leather Archer Armor
35:07 Chemistry
34:13 Gold Mining
35:16 Elite Mangudai
42:38 Onager
44:21 Siege Onager
52:09 Siege Engineers
H0TM1ILK
10:18 Feudal Age
11:10 Double-Bit Axe
14:03 Horse Collar
17:54 Castle Age
16:39 Gold Mining
18:05 Loom
18:41 Crossbowman
19:51 Bow Saw
20:38 Gold Shaft Mining
20:45 Fletching
24:29 Bodkin Arrow
26:02 Stone Mining
26:40 Ballistics
27:06 Wheelbarrow
28:12 Padded Archer Armor
36:48 Imperial Age
38:15 Hand Cart
37:21 Arbalester
CalamarX
0:27 Loom
10:50 Feudal Age
11:22 Horse Collar
11:30 Double-Bit Axe
17:41 Castle Age
16:29 Gold Mining
17:14 Scale Mail Armor
18:14 Forging
18:10 Man-at-Arms
19:32 Long Swordsman
20:19 Heavy Plow
25:25 Chain Mail Armor
28:57 Iron Casting
29:55 Wheelbarrow
36:28 Imperial Age
37:03 Bow Saw
37:17 Perfusion
36:54 Onager
38:48 Blast Furnace
39:12 Anarchy
39:57 Elite Huskarl
47:01 Hand Cart
48:05 Pikeman
Connection lost

Rejoining the realm…

Still unreachable

The connection could not be restored.

Session expired

The server has moved on; the page needs a fresh start.